 Dungeon Crawl Stone Soup version 0.28-a0-381-g937acc2988 (webtiles) character file.

Game seed: 11496765602315117256

651 swashedbuckles the Slasher (level 7, 0/53 HPs)
             Began as a Demonspawn Gladiator on Sept 1, 2021.
             Slain by an orc (4 damage)
             ... on level 5 of the Dungeon.
             The game lasted 00:13:08 (4683 turns).

swashedbuckles the Slasher (Demonspawn Gladiator)   Turns: 4683, Time: 00:13:08

Health: 0/53       AC:  3    Str: 16    XL:     7   Next: 28%
Magic:  7/7        EV: 13    Int:  9    God:
Gold:   222        SH:  0    Dex: 15    Spells: 6/6 levels left

rFire   + . .      SeeInvis .   a - +1 long sword (vorpal)
rCold   x . .      Faith    .   (no shield)
rNeg    . . .      Spirit   .   b - +0 leather armour
rPois   +          Reflect  .   (helmet restricted)
rElec   .          Harm     .   (no cloak)
rCorr   .          Rampage  .   (no gloves)
Will    .....                   (no boots)
Stlth   +.........              (no amulet)
HPRegen 0.17/turn               g - ring of poison resistance
MPRegen 0.10/turn               q - ring of fire

@: no status effects
A: claws 1, horns 2, talons 1
a: no special abilities


You were on level 5 of the Dungeon.
You visited 1 branch of the dungeon, and saw 5 of its levels.

You collected 222 gold pieces.

Inventory:

Hand Weapons
 a - a +1 vorpal long sword (weapon)
Missiles
 d - 3 throwing nets
 i - 8 boomerangs
 j - 42 poisoned darts (quivered)
Armour
 b - a +0 leather armour (worn)
Jewellery
 g - a ring of poison resistance (left claw)
 q - a ring of fire (right claw)
Wands
 f - a wand of iceblast (5)
 m - a wand of acid (12)
Scrolls
 h - a scroll of blinking
 o - a scroll of magic mapping {unknown}
 p - 3 scrolls of identify
 r - a scroll of amnesia {unknown}
 s - a scroll of fog {unknown}
Potions
 c - a potion of haste
 e - 2 potions of might
 k - 2 potions of resistance
 l - 3 potions of curing {unknown}
 n - a potion of heal wounds {unknown}
 t - a potion of lignification {unknown}


   Skills:
 + Level 3.8 Fighting
 + Level 5.5 Long Blades
 + Level 1.9 Throwing
 + Level 3.1 Armour
 + Level 3.6 Dodging
 + Level 0.9 Stealth


You had 6 spell levels left.
You didn't know any spells.
Your spell library contained the following spells:

 Spells                   Type           Power      Damage    Failure   Level
 Beastly Appendage        Tmut           0%         N/A       43%         1
 Freeze                   Ice            0%         1d3       43%         1
 Ensorcelled Hibernation  Hex/Ice        0%         N/A       58%         2
 Wereblood                Tmut           0%         N/A       58%         2
 Frozen Ramparts          Ice            0%         1d2       82%         3
 Spider Form              Tmut/Pois      0%         N/A       82%         3
 Hailstorm                Conj/Ice       0%         3d3       99%         4


Dungeon Overview and Level Annotations

Branches:
Dungeon (5/15)             Temple (0/1) D:5

Altars:
Sif Muna
Beogh

Shops:
D:1 [


Innate Abilities, Weirdness & Mutations

You have sharp fingernails.
You have a pair of horns on your head.
You have sharp toenails.


Message History

Things that are here:
a +0 club; a +0 leather armour The orc hits you with a +0 flail.
Things that are here:
a +0 short sword; an orc corpse The orc throws a boomerang.
The boomerang completely misses you. The orc hits you with a +0 flail!
Things that are here:
a +0 short sword; an orc corpse The orc barely misses you.
Things that are here:
a +0 club; a +0 leather armour The orc closely misses you.
The orc throws a boomerang.
The boomerang barely misses you. The orc hits you with a +0 flail.
* * * LOW HITPOINT WARNING * * *
The orc completely misses you.
You closely miss the orc. Your headbutt misses the orc.
The orc barely misses you. The orc hits you with a +0 flail.
* * * LOW HITPOINT WARNING * * *
You barely miss the orc. You claw the orc.
The orc is lightly wounded.
The orc closely misses you. The orc barely misses you.
You slash the orc!
You kill the orc!
The orc closely misses you. The orc barely misses you.
You hit the orc but do no damage. You headbutt the orc.
The orc is moderately wounded.
The orc hits you with a +0 war axe.
* * * LOW HITPOINT WARNING * * *
Items here: ( ) [ †.
Unknown command.
You hit the orc.
The orc is heavily wounded.
The orc hits you with a +0 war axe.
* * * LOW HITPOINT WARNING * * *
You barely miss the orc. Your kick misses the orc.
The orc is heavily wounded.
The orc hits you with a +0 war axe.
You die...

.#...##........#
#))).....#..##.#
'#...##...<..#.#
#)#...####..##.#
........#.#..#.#
#.#<........##.#
.....####....#.#
#.###.#####.##.#
.....# #....#.#
#.....# #....#
.....# #....#.#
####### ######
^#.#.# #..>.#.#####
...#... #.#..#.))..#
........ #....o@#.#
........
#..........# ##.#..
........#.#.#.#
.#.#######.#.#.#.#.#
#.....#.# .
..#.###.# ## .#...#
#.. #.# ###


You could see an orc.

Vanquished Creatures
  2 black bears
  An ogre (D:5)
  4 jellies
  2 orc wizards
  A hound zombie (D:5)
  A hound skeleton (D:4)
  9 adders
  A worm (D:5)
  2 dart slugs (D:1)
  14 orcs
  7 bats
  7 endoplasms
  A giant cockroach (D:1)
  10 goblins
  9 hobgoblins
  6 jackals
  3 kobolds
  3 quokkas
  3 ball pythons
  A frilled lizard (D:3)
  10 rats
97 creatures vanquished.

Notes
Turn   | Place    | Note
-------+----------+-------------------------------------------
     0 | D:1      | swashedbuckles the Demonspawn Gladiator began the quest for
                  | the Orb.
     0 | D:1      | Reached XP level 1. HP: 16/16 MP: 1/1
   129 | D:1      | Found a faded altar of an unknown god.
   173 | D:1      | Gained mutation: You have a pair of small horns on your
                  | head. [demonic ancestry]
   173 | D:1      | Reached XP level 2. HP: 23/23 MP: 2/2
   390 | D:1      | Found Athroibe's Antique Armour Emporium.
   667 | D:1      | Reached skill level 3 in Long Blades
   703 | D:1      | Gained mutation: You have sharp toenails. [demonic
                  | ancestry]
   703 | D:1      | Reached XP level 3. HP: 27/28 MP: 3/3
  1280 | D:2      | You fall into a shaft and drop 2 floors!
  1423 | D:3      | Reached XP level 4. HP: 34/34 MP: 4/4
  1498 | D:3      | Found a shimmering blue altar of Sif Muna.
  1898 | D:3      | Reached skill level 4 in Long Blades
  1898 | D:3      | Reached skill level 1 in Armour
  2461 | D:4      | Noticed a black bear
  2466 | D:4      | Killed a black bear
  2467 | D:4      | Reached XP level 5. HP: 18/41 MP: 5/5
  2866 | D:4      | Gained mutation: You have sharp fingernails. [demonic
                  | ancestry]
  2866 | D:4      | Reached XP level 6. HP: 25/47 MP: 6/6
  3786 | D:5      | Entered Level 5 of the Dungeon
  3795 | D:5      | Reached skill level 5 in Long Blades
  3866 | D:5      | Gained mutation: You have a pair of horns on your head.
                  | [demonic ancestry]
  3866 | D:5      | Reached XP level 7. HP: 25/52 MP: 7/7
  4101 | D:5      | Found a staircase to the Ecumenical Temple.
  4683 | D:5      | Slain by an orc

Illustrated notes

Levels and vault maps discovered:
D:1:      nicolae_arrival_memento_mori, layout_loops_ring,
          hellmonk_ecumenical_altar_defaced_shrine, serial_shops,
          nicolae_shop_waterfront, roderic_serpentine_path, minmay_octomino_c4
D:2:      minmay_spotlight, layout_rooms
D:3:      layout_rooms, lemuel_crystal_altar, kennysheep_generic_room_3
D:4:      layout_gridville
D:5:      layout_basic, minmay_temple_entry_offerings

Skill      XL: |  1  2  3  4  5  6  7 |
---------------+----------------------+-----
Dodging        | 3 |  3.6
Long Blades    | 3 4 5 |  5.5
Armour         | 1 2 3 |  3.1
Fighting       | 3 |  3.8
Throwing       | |  1.9
Stealth        | |  0.9

Action                   |  1- 3 |  4- 6 |  7- 9 || total
-------------------------+-------+-------+-------++-------
Melee: Long sword        |    92 |   101 |    39 ||   232
       Headbutt          |     8 |    14 |     8 ||    30
       Kick              |     5 |    22 |    12 ||    39
Throw: Boomerang         |     6 |       |       ||     6
  Use: Scroll            |     3 |     2 |       ||     5
       Potion            |     1 |       |       ||     1
Armor: Leather armour    |    50 |    25 |     8 ||    83
Dodge: Dodged            |    92 |    87 |    46 ||   225

Table legend: (Time is in decaauts)
 A = Elapsed time spent in this place.
 B = Non-inter-level travel time spent in this place.
 C = Inter-level travel time spent in this place.
 D = Time resting spent in this place.
 E = Time spent auto-exploring this place.
 F = Levels seen in this place.
 G = Mean time per level.
                   A        B        C        D        E       F      G
               +--------+--------+--------+--------+--------+-----+--------+
         Total |   4714 |   4605 |    109 |      0 |   3003 |   5 |  942.8 |
       Dungeon |   4714 |   4605 |    109 |      0 |   3003 |   5 |  942.8 |
               +--------+--------+--------+--------+--------+-----+--------+

Top non-repeatable levels by time:
     D:4: 1654 daAuts
     D:1: 1099 daAuts
     D:5: 904 daAuts
     D:3: 869 daAuts
     D:2: 186 daAuts
